 Dungeon Crawl Stone Soup version 0.29-a0-872-g797fff5ad1 (webtiles) character file.

Game seed: 4352217272124035896

177 Ajdolov the Grave Robber (level 5, 0/35 HPs)
             Began as a Mummy Necromancer on July 18, 2022.
             Slain by a gnoll
             ... wielding a +0 flail
              (5 damage)
             ... on level 4 of the Dungeon.
             The game lasted 00:06:44 (3528 turns).

Ajdolov the Grave Robber (Mummy Necromancer)        Turns: 3528, Time: 00:06:45

Health: 0/35       AC:  4    Str: 11    XL:     5   Next: 31%
Magic:  0/9        EV: 12    Int: 16    God:
Gold:   196        SH:  0    Dex: 13    Spells: 1/9 levels left

rFire   x . .      SeeInvis .   b - +0 sling
rCold   + . .      Faith    .   (no shield)
rNeg    + + +      Spirit   .   a - +0 robe
rPois   ∞          Reflect  .   l - +0 helmet
rElec   .          Harm     .   (no cloak)
rCorr   .          Rampage  .   j - +0 pair of gloves
Will    .....                   (no boots)
Stlth   ++........              (no amulet)
HPRegen 0.11/turn               (no ring)
MPRegen 0.11/turn               (no ring)

@: animating dead
A: cold resistance 1, negative energy resistance 3, torment resistance 2, heat
vulnerability 1, in touch with death 1, no potions
a: no special abilities


You were on level 4 of the Dungeon.
You visited 1 branch of the dungeon, and saw 4 of its levels.

You collected 196 gold pieces.

Inventory:

Hand Weapons
 b - a +0 sling (weapon)
Armour
 a - a +0 robe (worn)
 j - a +0 pair of gloves (worn)
 l - a +0 helmet (worn)
Wands
 m - a wand of charming (2)
Scrolls
 c - a scroll of enchant weapon {unknown}
 d - a scroll of fear {unknown}
 e - 2 scrolls of summoning {unknown}
 f - 3 scrolls of identify {unknown}
 g - 3 scrolls of teleportation {unknown}
 h - a scroll of acquirement {unknown}
 i - 2 scrolls of noise {unknown}
 k - a scroll of magic mapping {unknown}
 n - a scroll of blinking {unknown}


   Skills:
 - Level 1.5 Dodging
 - Level 1.5 Stealth
 - Level 2.6 Spellcasting
 * Level 6.7 Necromancy


You had one spell level left.
You knew the following spells:

 Your Spells              Type           Power      Damage    Failure   Level
a - Necrotise             Necr           100%       1d9       1%          1
b - Animate Dead          Necr           35%        N/A       12%         4
c - Vampiric Draining     Necr           35%        2d8       3%          3

Your spell library contained the following spells:

 Spells                   Type           Power      Damage    Failure   Level
 Magic Dart               Conj           8%         1d3       19%         1
 Ensorcelled Hibernation  Hex/Ice        4%         N/A       28%         2
 Passwall                 Tmut/Erth      1%         N/A       28%         2
 Searing Ray              Conj           4%         2d4       28%         2
 Agony                    Necr           35%        N/A       34%         5
 Swiftness                Air            2%         N/A       50%         3
 Fulminant Prism          Conj/Hex       1%         3d6       88%         4


Dungeon Overview and Level Annotations

Branches:
Dungeon (4/15)
 Temple: D:4-7

Altars:
Ashenzari
Qazlal
Xom


Innate Abilities, Weirdness & Mutations

You are immune to poison.
Your flesh is cold resistant. (rC+)
You are immune to negative energy. (rN+++)
You are immune to unholy pain and torment.
You are vulnerable to heat. (rF-)
You are in touch with the powers of death.
You do not drink.


Message History

Aiming: Charm
Press: ? - help, Shift-Dir - straight line, f/p - gnoll
Aim: a gnoll, wielding a +0 flail (lightly wounded, chance to affect: 57%)
The gnoll resists with significant effort.
The gnoll closely misses you. The endoplasm barely misses you.
Your gnoll zombie hits the endoplasm.
Unknown command.
Aiming: Charm
Press: ? - help, Shift-Dir - straight line, f/p - gnoll
Aim: a gnoll, wielding a +0 flail (lightly wounded, chance to affect: 57%)
The gnoll resists with significant effort.
The gnoll barely misses you. The endoplasm freezes you.
You are frozen.
You resist.
Your gnoll zombie hits the endoplasm.
Aiming: Charm
Press: ? - help, Shift-Dir - straight line, f/p - gnoll
Aim: a gnoll, wielding a +0 flail (lightly wounded, chance to affect: 57%)
The gnoll resists with significant effort.
The gnoll barely misses you. The endoplasm freezes you.
You are frozen.
You resist.
Aiming: Charm
Press: ? - help, Shift-Dir - straight line, f/p - gnoll
Aim: a gnoll, wielding a +0 flail (lightly wounded, chance to affect: 57%)
The gnoll resists with significant effort.
Your gnoll zombie hits the endoplasm but does no damage.
The gnoll hits you with a +0 flail.
* * * LOW HITPOINT WARNING * * *
The endoplasm freezes you.
You are frozen.
You resist.
* * * LOW HITPOINT WARNING * * *
Okay, then.
Aiming: Necrotise (safe; 1% risk of failure)
Press: ? - help, Q - select action, (/) - cycle Shift-Dir - straight line, f/p - gnoll
Aim: a gnoll, wielding a +0 flail (lightly wounded, chance to affect: 88%)
You feel a surge of power!
The gnoll writhes in agony!
Your gnoll zombie hits the endoplasm.
The endoplasm hits you but does no damage.
The gnoll hits you with a +0 flail.
You die...

.. #.# #.##.## ###.###.#
#.##.## .....#.# #.##.##
. #.#.#.# #.##... ...
#...#.# #.#####
....####(.#.#######.#####
......)............).....
......ZJg.#.####.########
...[..##@.#.# #.# .....
#....# #.# .... #....#
#.# ... #....# #.# .#
#..#># #.# #....# #.#
#..# # #.# ....


You could see a gnoll, an endoplasm (ally target) and a friendly gnoll zombie.

Vanquished Creatures
  A howler monkey (D:4)
  A hound (D:3)
  2 gnolls (D:4)
  2 adders (D:2)
  A worm (D:2)
  A dart slug (D:1)
  6 orcs (D:3)
  2 ball pythons
  6 endoplasms
  3 giant cockroaches
  8 goblins
  9 hobgoblins
  4 jackals (D:1)
  3 kobolds
  2 quokkas
  A bat (D:1)
  2 frilled lizards (D:2)
  3 rats
57 creatures vanquished.

Vanquished Creatures (collateral kills)
  A rat (D:3)
1 creature vanquished.

Grand Total: 58 creatures vanquished

Notes
Turn   | Place    | Note
-------+----------+-------------------------------------------
     0 | D:1      | Ajdolov the Mummy Necromancer began the quest for the Orb.
     0 | D:1      | Reached XP level 1. HP: 13/13 MP: 4/4
   193 | D:1      | Reached XP level 2. HP: 19/19 MP: 5/5
   334 | D:1      | Found a faded altar of an unknown god.
  1044 | D:2      | Found a shimmering altar of Xom.
  1080 | D:2      | Reached skill level 5 in Necromancy
  1089 | D:2      | Gained mutation: You are in touch with the powers of death.
                  | [Mummy growth]
  1089 | D:2      | Reached XP level 3. HP: 24/24 MP: 4/7
  1742 | D:3      | Reached XP level 4. HP: 20/30 MP: 0/8
  1894 | D:3      | Found a broken altar of Ashenzari.
  1894 | D:3      | Found a stormy altar of Qazlal.
  2237 | D:3      | Reached skill level 6 in Necromancy
  2621 | D:3      | Found a shimmering altar of Xom.
  3258 | D:4      | Reached XP level 5. HP: 35/35 MP: 4/9
  3354 | D:4      | Learned a level 4 spell: Animate Dead
  3358 | D:4      | Learned a level 3 spell: Vampiric Draining
  3528 | D:4      | Slain by a gnoll

Illustrated notes

Levels and vault maps discovered:
D:1:      tarquinn_simple_flora_water_f, layout_loops_ring,
          shapermc_ecumenical_altar_acropolis, minmay_hexomino_u4
D:2:      kennysheep_the_goblin_king, layout_loops_ring, basic_altar
D:3:      layout_basic, led_xom_imps, gammafunk_temple_overflow_wave
D:4:      layout_basic, gammafunk_ghost_abyssal_escape,
          eino_small_chamber_without_monster

Skill      XL: |  1  2  3  4 |
---------------+-------------+-----
Necromancy     | 5 6 |  6.7
Dodging        | |  1.5
Stealth        | |  1.5
Spellcasting   | |  2.6

Action                   |  1- 3 |  4- 6 || total
-------------------------+-------+-------++-------
 Fire: Sling             |    52 |    78 ||   130
 Cast: Necrotise         |    46 |    41 ||    87
       Animate Dead      |       |     1 ||     1
Evoke: Wand              |       |     6 ||     6
Armor: Robe              |     3 |    16 ||    19
Dodge: Dodged            |    18 |    52 ||    70

Table legend: (Time is in decaauts)
 A = Elapsed time spent in this place.
 B = Non-inter-level travel time spent in this place.
 C = Inter-level travel time spent in this place.
 D = Time resting spent in this place.
 E = Time spent auto-exploring this place.
 F = Levels seen in this place.
 G = Mean time per level.
                   A        B        C        D        E       F      G
               +--------+--------+--------+--------+--------+-----+--------+
         Total |   3584 |   3444 |    140 |    578 |   2159 |   4 |  896.0 |
       Dungeon |   3584 |   3444 |    140 |    578 |   2159 |   4 |  896.0 |
               +--------+--------+--------+--------+--------+-----+--------+

Top non-repeatable levels by time:
     D:2: 1219 daAuts
     D:3: 1154 daAuts
     D:1: 929 daAuts
     D:4: 281 daAuts
